 Dungeon Crawl Stone Soup version 0.30-b1-2-g02819fbbbe (webtiles) character file.

Game seed: 5696315479252658145

14550 nightchill the Grappler (level 11, -6/113 HPs)
             Began as a Troll Fighter on Sept 10, 2023.
             Was a High Priest of Okawaru.
             Mangled by a seven-headed hydra (12 damage)
             ... on level 2 of the Lair of Beasts.
             The game lasted 00:21:35 (9564 turns).

nightchill the Grappler (Troll Fighter)             Turns: 9564, Time: 00:21:35

Health: -6/113     AC: 10    Str: 36    XL:     11   Next: 90%
Magic:  0/16       EV:  9    Int:  4    God:    Okawaru [*****.]
Gold:   985        SH:  7    Dex:  9    Spells: 10/10 levels left

rFire   . .          .
                       - Unarmed
rCold   . . .        b - +0 kite shield
rNeg    . . .        I - +3 troll leather armour
rPois   .            Q - +1 hat {SInv}
rElec   .            t - scarf {repulsion}
rCorr   .            (gloves unavailable)
SInv    +            (boots unavailable)
Will    .....        p - amulet of guardian spirit
Stlth   +            L - +6 ring of strength
HPRegen 1.98/turn    u - +4 ring of slaying
MPRegen 0.15/turn

%: repel missiles, guardian spirit
@: weak-willed, finesse-ful
A: large, unfitting armour, claws 3, regeneration 1, shaggy fur 1, tough skin 1
a: Renounce Religion, Heroism, Finesse, Duel


You were on level 2 of the Lair of Beasts.
You worshipped Okawaru.
Okawaru was extremely pleased with you.
You visited 2 branches of the dungeon, and saw 12 of its levels.
You also visited: Sewer.

You collected 985 gold pieces.

Inventory:

Missiles
 y - 4 atropa-tipped darts (quivered)
Armour
 b - a +0 kite shield (worn)
 t - a scarf of repulsion (worn)
 I - a +3 troll leather armour (worn)
 J - a +2 hat
 Q - a +1 hat of see invisible (worn)
Jewellery
 p - an amulet of guardian spirit (around neck)
 q - an amulet of reflection
 r - a ring of flight
 u - a +4 ring of slaying (right claw)
 D - a ring of fire
 G - a +6 ring of strength
 L - a +6 ring of strength (left claw)
Wands
 e - a wand of polymorph (3)
 i - a wand of mindburst (7)
 F - a wand of light (12)
 N - a wand of iceblast (5)
 P - a wand of flame (8)
Scrolls
 a - a scroll of magic mapping {unknown}
 d - a scroll of torment
 f - 3 scrolls of poison
 g - a scroll of acquirement {unknown}
 h - 3 scrolls of fear
 m - 3 scrolls of blinking
 n - 3 scrolls of noise
 o - a scroll of fog
 v - a scroll of immolation
 x - a scroll of vulnerability
 z - 7 scrolls of teleportation
 H - a scroll of silence
 M - a scroll of enchant armour
 R - a scroll of enchant weapon
 S - a scroll of brand weapon
Potions
 c - 3 potions of might
 j - 2 potions of ambrosia
 k - 6 potions of curing
 l - 2 potions of attraction
 s - a potion of haste
 w - a potion of lignification
 A - 7 potions of flight
 B - 3 potions of heal wounds
 C - a potion of mutation
 E - 2 potions of magic
 K - a potion of cancellation
 O - a potion of brilliance


   Skills:
 + Level 8.8 Fighting
 - Level 2.4 Dodging
 - Level 2.6 Shields
 * Level 14.0 Unarmed Combat
 + Level 8.4 Invocations


You had 10 spell levels left.
You didn't know any spells.
Your spell library contained the following spells:

 Spells                   Type           Power      Damage    Failure   Level
 Shock                    Conj/Air       0%         1d3       73%         1
 Sting                    Tmut/Pois      0%         1d3       73%         1
 Blink                    Tloc           0%         N/A       86%         2
 Lesser Beckoning         Tloc           0%         N/A       86%         2
 Momentum Strike          Conj/Tloc      0%         3d8       86%         2
 Poisonous Vapours        Pois/Air       0%         N/A       86%         2
 Sublimation of Blood     Necr           0%         N/A       86%         2
 Dazzling Flash           Conj/Hex       0%         N/A       97%         3
 Frozen Ramparts          Ice            0%         1d1       97%         3
 Hailstorm                Conj/Ice       0%         3d3       97%         3
 Mephitic Cloud           Conj/Pois/Air  0%         N/A       97%         3
 Swiftness                Air            0%         N/A       97%         3
 Airstrike                Air            0%         2d(0-16)  100%        4
 Anguish                  Hex/Necr       0%         N/A       100%        4
 Ice Form                 Ice/Tmut       0%         N/A       100%        4
 Olgreb's Toxic Radiance  Pois           0%         N/A       100%        4
 Petrify                  Tmut/Erth      0%         N/A       100%        4
 Agony                    Necr           0%         N/A       100%        5
 Borgnjor's Vile Clutch   Necr/Erth      0%         N/A       100%        5
 Freezing Cloud           Conj/Ice/Air   0%         6-21      100%        5
 Irradiate                Conj/Tmut      0%         3d11      100%        5
 Silence                  Hex/Air        0%         N/A       100%        5
 Enfeeble                 Hex            0%         N/A       100%        7
 Animate Dead             Necr           Unusable   N/A       N/A         4
 Summon Ice Beast         Ice/Summ       Unusable   N/A       N/A         4
 Death Channel            Necr           Unusable   N/A       N/A         6
 Simulacrum               Ice/Necr       Unusable   N/A       N/A         6

Dungeon Overview and Level Annotations

Branches:
Dungeon (10/15)            Temple (0/1) D:6            Lair (2/5) D:8
  Sewer (visited)
  Swamp: Lair:2-3    Shoals: Lair:2-3     Snake: Lair:2-3    Spider: Lair:2-3
    Orc: D:9-12

Altars:
Ashenzari
Elyvilon
Fedhas
Makhleb
Okawaru
Qazlal
Ru
Uskayaw
Vehumet
Wu Jian
Xom
Yredelemnul

Shops:
D:2 :   D:10 :

Annotations:
D:10 exclusion: 2 electric eels
Lair:2 1 transporter


Innate Abilities, Weirdness & Mutations

You are too large for most types of armour.
You have claws for hands.
Your natural rate of healing is unusually fast.
You are covered in fur. (AC +1)
You have tough skin. (AC +1)


Message History

The six-headed hydra bites you but does no damage. x2
You block the six-headed hydra's attack.
You can now deal lightning-fast blows.
The six-headed hydra bites you but does no damage.
The six-headed hydra bites you!
* * * LOW HITPOINT WARNING * * *
You block the six-headed hydra's attack.
The six-headed hydra bites you.
* * * LOW HITPOINT WARNING * * *
The six-headed hydra bites you but does no damage.
The six-headed hydra bites you.
* * * LOW HITPOINT WARNING * * *
You claw one of the six-headed hydra's heads off!
The five-headed hydra grows two more!
You mangle the seven-headed hydra!!
The seven-headed hydra is heavily wounded.
You hear a roar!
The seven-headed hydra closely misses you.
The seven-headed hydra bites you!
* * * LOW HITPOINT WARNING * * *
The seven-headed hydra barely misses you.
The seven-headed hydra bites you.
* * * LOW HITPOINT WARNING * * *
The seven-headed hydra closely misses you.
You block the seven-headed hydra's attack.
The seven-headed hydra bites you!
* * * LOW HITPOINT WARNING * * *
You don't have enough magic at the moment.
Really read the scroll of vulnerability?
As you read the scroll of vulnerability, it crumbles to dust.
Magic quickly surges around you. The seven-headed hydra bites you!
* * * LOW HITPOINT WARNING * * *
The seven-headed hydra barely misses you.
You block the seven-headed hydra's attack.
The seven-headed hydra bites you but does no damage.
The seven-headed hydra bites you.
* * * LOW HITPOINT WARNING * * *
The seven-headed hydra bites you.
* * * LOW HITPOINT WARNING * * *
The seven-headed hydra bites you!
You die...

#####.........
#.#...........
##.....P#.....
##..##...##....
###..#...........
#................
###................
###..................
#...@................
#$.D.................
#.....................
#......................
#........P..#..........
..........#......#......
.......####.............
....... ............
..~~~~††....


You could see a seven-headed hydra (weak-willed).

Vanquished Creatures
  3 two-headed ogres
  3 skysharks (Lair:2)
  2 black mambas (Lair:2)
  2 cane toads (Lair:1)
  A rime drake (Lair:1)
  2 komodo dragons
  2 trolls
  A polar bear (Lair:1)
  A shadow (D:10)
  3 wyverns
  18 yaks
  A steam dragon (D:6)
  3 basilisks
  Menkaure (D:7)
  3 water moccasins
  2 sky beasts
  4 black bears
  3 ice beasts
  An orc warrior (D:9)
  2 ogres (D:5)
  2 centaurs
  3 kobold brigands
  7 bullfrogs
  A phantom (D:5)
  A necrophage (D:7)
  A gnoll sergeant (D:7)
  2 scorpions (D:5)
  10 wights
  14 killer bees
  2 howler monkeys
  4 hounds
  4 orc priests
  3 jellies
  2 sleepcaps
  11 orc wizards
  A hound skeleton (D:7)
  10 adders
  8 gnolls
  7 river rats
  2 shadow imps (D:6)
  A white imp (D:8)
  3 ufetubi
  2 worms (D:3)
  2 dart slugs
  37 orcs
  13 ball pythons
  6 endoplasms
  9 giant cockroaches
  5 hobgoblins
  3 jackals (Sewer)
  5 quokkas
  16 bats
  7 frilled lizards
  10 goblins
  18 kobolds
  9 rats
299 creatures vanquished.

Vanquished Creatures (others)
  An orc wizard (D:10)
  A fungus (Lair:1)
  23 plants
25 creatures vanquished.

Grand Total: 324 creatures vanquished

Notes
Turn   | Place    | Note
-------+----------+-------------------------------------------
     0 | D:1      | nightchill the Troll Fighter began the quest for the Orb.
     0 | D:1      | Reached XP level 1. HP: 22/22 MP: 0/0
   146 | D:1      | Reached XP level 2. HP: 29/29 MP: 1/1
   429 | D:1      | Reached skill level 3 in Unarmed Combat
   666 | D:2      | Found Tyoll's Book Shoppe.
   746 | D:2      | Reached XP level 3. HP: 36/36 MP: 2/2
   805 | D:2      | Found a faded altar of an unknown god.
  1538 | D:3      | Reached XP level 4. HP: 40/45 MP: 3/3
  1639 | D:3      | Found a sacrificial altar of Ru.
  1713 | D:3      | Reached skill level 4 in Unarmed Combat
  2106 | D:3      | Found a broken altar of Ashenzari.
  2124 | D:3      | Found an ornate altar of the Wu Jian Council.
  2131 | D:3      | Noticed a spectral centipede
  2131 | D:3      | Noticed a spectral black mamba
  2131 | D:3      | Noticed a spectral cane toad
  2297 | D:4      | Reached XP level 5. HP: 47/53 MP: 4/4
  2359 | D:4      | Noticed a black bear
  2395 | D:4      | Killed a black bear
  2396 | D:4      | Reached skill level 5 in Unarmed Combat
  2396 | D:4      | Reached XP level 6. HP: 53/62 MP: 5/5
  2502 | D:4      | Found an iron altar of Okawaru.
  2526 | D:4      | Became a worshipper of Warmaster Okawaru
  2753 | D:5      | Entered Level 5 of the Dungeon
  2804 | D:5      | Found a glowing drain.
  2812 | Sewer    | Entered a sewer
  3148 | Sewer    | Reached skill level 1 in Invocations
  3372 | D:5      | Reached skill level 6 in Unarmed Combat
  3372 | D:5      | Reached XP level 7. HP: 67/70 MP: 5/7
  3441 | D:5      | Found a stormy altar of Qazlal.
  3441 | D:5      | Found a basalt altar of Yredelemnul.
  3452 | D:5      | Found a radiant altar of Vehumet.
  3457 | D:5      | Found a shimmering altar of Xom.
  3459 | D:5      | Found a blossoming altar of Fedhas.
  3668 | D:5      | Found a hide-covered altar of Uskayaw.
  3914 | D:5      | Reached * piety under Okawaru
  4043 | D:5      | Reached skill level 7 in Unarmed Combat
  4074 | D:6      | Noticed a steam dragon
  4085 | D:5      | Reached XP level 8. HP: 56/79 MP: 7/9
  4132 | D:6      | Reached skill level 5 in Fighting
  4171 | D:6      | Found a staircase to the Ecumenical Temple.
  4222 | D:6      | Reached skill level 8 in Unarmed Combat
  4262 | D:6      | Reached ** piety under Okawaru
  4593 | D:6      | Reached skill level 9 in Unarmed Combat
  4593 | D:6      | Reached XP level 9. HP: 86/89 MP: 8/11
  5080 | D:7      | Noticed Menkaure
  5097 | D:7      | Killed Menkaure
  5387 | D:7      | Found a white marble altar of Elyvilon.
  5474 | D:7      | Found a burning altar of Makhleb.
  5480 | D:7      | Reached *** piety under Okawaru
  5912 | D:7      | Reached skill level 5 in Invocations
  6385 | D:8      | Found a staircase to the Lair.
  6394 | D:8      | Reached skill level 10 in Unarmed Combat
  6900 | D:8      | Reached XP level 10. HP: 96/100 MP: 13/13
  7253 | D:9      | Reached skill level 11 in Unarmed Combat
  7295 | D:9      | Noticed a two-headed ogre
  7306 | D:9      | Killed a two-headed ogre
  7306 | D:9      | Reached **** piety under Okawaru
  7548 | D:9      | Reached ***** piety under Okawaru
  7843 | D:10     | Entered Level 10 of the Dungeon
  7866 | D:10     | Reached skill level 12 in Unarmed Combat
  7986 | D:10     | Found Kefoball's Book Boutique.
  8001 | D:10     | Noticed a two-headed ogre
  8014 | D:10     | Killed a two-headed ogre
  8093 | D:10     | Reached XP level 11. HP: 106/111 MP: 15/15
  8113 | D:10     | Noticed a two-headed ogre
  8124 | D:10     | Killed a two-headed ogre
  8735 | Lair:1   | Entered Level 1 of the Lair of Beasts
  8883 | Lair:1   | Reached skill level 13 in Unarmed Combat
  9339 | Lair:2   | Noticed a skyshark
  9345 | Lair:2   | Killed a skyshark
  9354 | Lair:2   | Reached ****** piety under Okawaru
  9399 | Lair:2   | Noticed an eight-headed hydra
  9400 | Lair:2   | Found a transporter.
  9405 | Lair:2   | Noticed a skyshark
  9415 | Lair:2   | Killed a skyshark
  9415 | Lair:2   | Received a gift from Okawaru
  9415 | Lair:2   | Noticed a skyshark
  9419 | Lair:2   | Killed a skyshark
  9485 | Lair:2   | Reached skill level 14 in Unarmed Combat
  9553 | Lair:2   | Noticed a six-headed hydra
  9564 | Lair:2   | Mangled by a seven-headed hydra

Illustrated notes

Levels and vault maps discovered:
D:1:      mrwooster_arrival_arrow, layout_loops_ring
D:2:      layout_loops_ring, serial_shops, nicolae_shop_waterfront,
          basic_ecumenical_altar
D:3:      minmay_door_path, layout_rooms, pdpol_wu_jian_five_deadly_venoms,
          nicolae_ru_path_of_blood, nicolae_ashenzari_skybound,
          kennysheep_decorative_pillar, roderic_roman_lattice
D:4:      layout_basic, kennysheep_okawaru_gauntlet
D:5:      layout_loops_ring, mainiacjoe_overflow_six_doors_small,
          chequers_temple_overflow_minitemple, portal_sewer_entry_e
D:6:      minmay_bubble_buster, layout_rooms,
          minmay_temple_entry_statues_fountains
D:7:      layout_layer_cave, makhleb_blood_cavern_becter,
          mainiacjoe_overflow_cross_hatched, uniq_menkaure
D:8:      layout_basic, david_lair_generic
D:9:      layout_roguey
D:10:     layout_grid_maze, serial_bayou, serial_bayou_pond_e,
          serial_bayou_shore_b, serial_bayou_pond_e, serial_bayou_lagoon_a,
          serial_shops, shop
Lair:1:   layout_long_grid
Lair:2:   beargit_carnivore_pack, layout_hall_layers, basic_altar,
          gammafunk_ghost_berserking_beasts, pdpol_lair_neglected_garden,
          serial_bayou_shore_a, infiniplex_staircase_pool

Skill      XL: |  1  2  3  4  5  6  7  8  9 10 11 |
---------------+----------------------------------+-----
Unarmed Combat | 3 4 5 6 7 9 10 12 14 | 14.0
Fighting       | 3 4 5 6 7 8 |  8.8
Invocations    | 1 2 4 5 7 8 |  8.4
Dodging        | |  2.4
Shields        | |  2.6

Action                     |  1- 3 |  4- 6 |  7- 9 | 10-12 || total
---------------------------+-------+-------+-------+-------++-------
  Melee: Unarmed           |   131 |   170 |   250 |   256 ||   807
 Invoke: Heroism           |       |       |     5 |     7 ||    12
         Finesse           |       |       |       |     1 ||     1
  Evoke: Wand              |       |       |       |     6 ||     6
    Use: Scroll            |       |       |    20 |     7 ||    27
         Potion            |       |       |       |     1 ||     1
   Stab: Sleeping          |     2 |       |       |       ||     2
 Armour: Robe              |    41 |    33 |     8 |       ||    82
         Steam dragon scal |       |       |    55 |    29 ||    84
         Troll leather arm |       |       |       |    64 ||    64
  Dodge: Dodged            |    33 |    48 |    64 |    81 ||   226
         Repelled          |       |       |       |     2 ||     2
  Block: Kite shield       |    44 |    99 |   159 |   148 ||   450
         Reflection        |       |     1 |     6 |     2 ||     9
